[Event "Titled Tuesday Blitz April 18 Late 2023"]
[White "Mikhalsky, Vladimir"]
[Black "Garmash, Aliona"]
[WhiteFideId "14144352"]
[BlackFideId "34127620"]
[WhiteElo "2236"]
[BlackElo "1959"]
[Result "1-0"]
[Round "07"]
[TimeControl "180+2"]
[Date "2023.04.18"]
[WhiteClock "0:01:28"]
[BlackClock "0:00:01"]

1. d4 d5 2. c4 c6 3. Nf3 Nf6 4. g3 Bf5 5. Bg2 e6 6. O-O h6 7. Qb3 Qb6 8. c5 Qxb3 9. axb3 Nbd7 10. b4 a6 11. Nc3 Rc8 12. Ne5 Nxe5 13. dxe5 Nd7 14. f4 Be7 15. e4 dxe4 16. Nxe4 Bxe4 17. Bxe4 O-O 18. Rd1 Rfd8 19. Be3 f6 20. Bd4 Nf8 21. Kg2 Rd7 22. Bc3 Rcd8 23. Rd6 fxe5 24. fxe5 Bxd6 25. exd6 Nh7 26. Rf1 Rf7 27. Bxh7+ Kf8 28. Rxf7+ Kxf7 29. Be4 Ke8 30. Bxg7 Kd7 31. Bxh6 Rh8 32. Bf4 Rh5 33. g4 Rh8 34. Kg3 Rf8 35. h4 Ra8 36. Bd2 Rf8 37. Bd3 1-0


[Site "https://www.chess.com"]

[Event "Titled Tuesday Blitz April 18 Late 2023"]
[White "Gonzalez Zamora, Juan Carlos"]
[Black "Figorito, Nick"]
[WhiteFideId "3507548"]
[BlackFideId "30923689"]
[WhiteElo "2535"]
[BlackElo "2454"]
[Result "1-0"]
[Round "07"]
[TimeControl "180+2"]
[Date "2023.04.18"]
[WhiteClock "0:01:21"]
[BlackClock "0:00:20"]

1. e4 e6 2. d4 d5 3. Nd2 Nf6 4. e5 Nfd7 5. Bd3 c5 6. c3 Nc6 7. Ndf3 Be7 8. Nh3 Qb6 9. Bc2 a5 10. O-O Qa7 11. Be3 h6 12. Ne1 b6 13. Qg4 g6 14. Bxg6 fxg6 15. Qxe6 Qc7 16. Qxg6+ Kd8 17. Qg7 Re8 18. Nf4 Nf8 19. Nxd5 Qa7 20. Bxh6 Ba6 21. Nf3 Bxf1 22. Rxf1 cxd4 23. Rd1 Kc8 24. Nxd4 Nxd4 25. cxd4 Kd8 26. Nxe7 Ne6 27. Nc6+ 1-0


[Site "https://www.chess.com"]

[Event "Titled Tuesday Blitz April 18 Late 2023"]
[White "ayme97"]
[Black "Meunier-Pion, Jean"]
[BlackFideId "20685327"]
[WhiteElo "2224"]
[BlackElo "2124"]
[Result "0-1"]
[Round "07"]
[TimeControl "180+2"]
[Date "2023.04.18"]
[WhiteClock "0:00:16"]
[BlackClock "0:00:20"]

1. d4 Nf6 2. c4 e6 3. Nf3 b6 4. Nc3 Bb4 5. Qc2 Bb7 6. Bg5 h6 7. Bxf6 Qxf6 8. e4 d5 9. e5 Qd8 10. Qa4+ Nc6 11. cxd5 Qxd5 12. Bb5 Qe4+ 13. Kf1 Bxc3 14. bxc3 a6 15. Be2 O-O 16. h4 Nxe5 17. Qd1 Ng6 18. Bd3 Qg4 19. Rh3 Nf4 20. Rg3 Qh5 21. Kg1 Nxd3 22. Qxd3 Bxf3 23. Qxf3 Qxf3 24. Rxf3 Rfd8 25. Rb1 Rd5 26. g3 Rad8 27. Rf4 Ra5 28. Rb2 Ra3 29. Rf3 Rxd4 30. cxd4 Rxf3 31. Rc2 Ra3 32. Kf1 Kf8 33. Ke2 Ke8 34. Rxc7 Rxa2+ 35. Ke3 a5 36. Rc8+ Kd7 37. Rf8 Ke7 38. Rg8 g6 39. h5 gxh5 40. Rh8 a4 41. Rxh6 Rb2 42. Rxh5 a3 43. Rh8 Rb5 44. Rh1 a2 45. Ra1 Ra5 46. Kd3 Kd6 47. Kc4 Kc6 48. f4 f5 49. Kb3 Kd5 50. Rxa2 Rxa2 51. Kxa2 Kxd4 52. Kb3 Ke3 53. Kb4 Kf3 54. Kb5 Kxg3 55. Kxb6 Kxf4 56. Kc6 e5 57. Kd6 e4 58. Ke6 e3 59. Kf6 e2 60. Kg6 e1=Q 61. Kf6 Qe5+ 62. Kg6 Qd6+ 63. Kh5 Qe6 64. Kh4 Qh6# 0-1


[Site "https://www.chess.com"]

[Event "Titled Tuesday Blitz April 18 Late 2023"]
[White "mrithyunjay"]
[Black "Volkmann, Andre Jordi"]
[BlackFideId "2154463"]
[WhiteElo "2439"]
[BlackElo "1999"]
[Result "1-0"]
[Round "07"]
[TimeControl "180+2"]
[Date "2023.04.18"]
[WhiteClock "0:00:31"]
[BlackClock "0:00:03"]

1. e4 c6 2. d4 d5 3. e5 c5 4. dxc5 Nc6 5. Nf3 Bg4 6. Bb5 e6 7. b4 Qc7 8. Bf4 Ne7 9. Nbd2 Ng6 10. Bg3 Be7 11. O-O O-O 12. h3 Bxf3 13. Nxf3 Nxb4 14. c4 Qxc5 15. a3 Nc6 16. cxd5 Qxb5 17. dxc6 Qxc6 18. Qb3 Rac8 19. Rac1 Bc5 20. Kh2 Qb6 21. Qxb6 Bxb6 22. Nd2 h5 23. h4 Rfd8 24. Nc4 Bd4 25. f4 Rd7 26. Nd6 Rxc1 27. Rxc1 Be3 28. Rc8+ Kh7 29. Rc4 a6 30. Re4 Bc1 31. Nc4 Ne7 32. Re1 b5 33. Nd6 Bxa3 34. Nxf7 Nf5 35. Ng5+ Kg6 36. Nxe6 Be7 37. Ra1 Ra7 38. Bf2 Rd7 39. Rxa6 Kf7 40. Ng5+ Bxg5 41. e6+ Ke7 42. exd7 Bxf4+ 43. g3 Bc7 44. Bb6 Bxb6 45. Rxb6 Kxd7 46. Rxb5 Ke6 47. Rb6+ Kf7 48. Kg2 Nh6 49. Kf3 Ng4 50. Kf4 Nf6 51. Kf5 g6+ 52. Kg5 Ne4+ 53. Kh6 Nxg3 54. Rxg6 Nf5+ 55. Kxh5 Ng7+ 56. Kh6 Nf5+ 57. Kh5 Nxh4 58. Rg5 Nf3 59. Rf5+ Ke6 60. Rxf3 1-0


[Site "https://www.chess.com"]

[Event "Titled Tuesday Blitz April 18 Late 2023"]
[White "Shapiro, Viktor"]
[Black "Torres Dominguez, David"]
[WhiteFideId "4175700"]
[BlackFideId "2220857"]
[WhiteElo "2152"]
[BlackElo "1999"]
[Result "1-0"]
[Round "07"]
[TimeControl "180+2"]
[Date "2023.04.18"]
[WhiteClock "0:00:15"]
[BlackClock "0:00:05"]

1. c4 e5 2. Nc3 Nc6 3. g3 f5 4. Bg2 Nf6 5. d3 Bb4 6. Nf3 Bxc3+ 7. bxc3 d6 8. O-O O-O 9. Nh4 Qe8 10. f4 e4 11. Rb1 b6 12. h3 Bd7 13. Rb5 g6 14. e3 Rd8 15. Rb2 Na5 16. g4 fxg4 17. hxg4 Bxg4 18. Qd2 exd3 19. Qxd3 Kg7 20. f5 g5 21. Nf3 h6 22. Nd4 Qh5 23. e4 Rde8 24. Rbf2 Kh7 25. Ne6 Rg8 26. e5 dxe5 27. Nxc7 Re7 28. Nd5 Qf7 29. Nxe7 Qxe7 30. Re1 Rd8 31. Qe3 e4 32. c5 Nc4 33. Qg3 e3 34. Rff1 Qxc5 35. Bxe3 Nxe3 36. Qxe3 Qxe3+ 37. Rxe3 Rd2 38. Re7+ Kg8 39. Rxa7 Rc2 40. Re1 Rxc3 41. Re6 1-0


[Site "https://www.chess.com"]

[Event "Titled Tuesday Blitz April 18 Late 2023"]
[White "Golubev, Mikhail"]
[Black "Winkels, Marcel"]
[WhiteFideId "14100983"]
[BlackFideId "1003887"]
[WhiteElo "2374"]
[BlackElo "1900"]
[Result "0-1"]
[Round "07"]
[TimeControl "180+2"]
[Date "2023.04.18"]
[WhiteClock "0:00:29"]
[BlackClock "0:00:58"]

1. e4 c5 2. Nf3 d6 3. d4 cxd4 4. Nxd4 Nf6 5. Nc3 a6 6. Bc4 e6 7. Bb3 Nbd7 8. Bg5 Nc5 9. O-O Be7 10. Re1 O-O 11. f4 Nxb3 12. axb3 e5 13. Nf5 Bxf5 14. exf5 h6 15. fxe5 dxe5 16. Bxf6 Qxd1 17. Raxd1 Bxf6 18. Rd7 b5 19. Ne4 Rfd8 20. Red1 Rxd7 21. Rxd7 Rc8 22. c3 Bg5 23. Nd6 Rf8 24. Ra7 Be3+ 0-1


[Site "https://www.chess.com"]

[Event "Titled Tuesday Blitz April 18 Late 2023"]
[White "Eisa Mohmood, Alkhoori"]
[Black "Harish, Neeraj"]
[WhiteFideId "9316116"]
[BlackFideId "30958130"]
[WhiteElo "1310"]
[BlackElo "1965"]
[Result "0-1"]
[Round "07"]
[TimeControl "180+2"]
[Date "2023.04.18"]
[WhiteClock "0:00:32"]
[BlackClock "0:01:24"]

1. e4 c5 2. Nf3 Nc6 3. d4 cxd4 4. Nxd4 Nf6 5. Nc3 e5 6. Ndb5 d6 7. Bg5 a6 8. Na3 b5 9. Nd5 Be7 10. Bxf6 Bxf6 11. Bd3 O-O 12. O-O Bg5 13. c3 Ne7 14. Nxe7+ Qxe7 15. Nc2 Rb8 16. a4 bxa4 17. Nb4 Be6 18. Nc6 Qb7 19. Nxb8 Rxb8 20. Qxa4 d5 21. Bxa6 Qxb2 22. Rab1 Qxb1 23. Rxb1 Rxb1+ 24. Bf1 h6 25. Qa8+ Kh7 26. exd5 Bf5 27. Qa6 Bc2 28. d6 e4 29. h4 Bd3 30. Qxd3 exd3 31. hxg5 d2 0-1


[Site "https://www.chess.com"]

[Event "Titled Tuesday Blitz April 18 Late 2023"]
[White "Skaric, Djuro"]
[Black "brm72"]
[WhiteFideId "934569"]
[WhiteElo "2282"]
[BlackElo "2579"]
[Result "1-0"]
[Round "07"]
[TimeControl "180+2"]
[Date "2023.04.18"]
[WhiteClock "0:01:00"]
[BlackClock "0:00:03"]

1. g3 Nf6 2. Bg2 d5 3. d3 g6 4. Nf3 Bg7 5. O-O O-O 6. h3 c5 7. Nc3 Nc6 8. e4 e6 9. g4 a5 10. g5 Ne8 11. Re1 Nc7 12. e5 b5 13. h4 b4 14. Nb1 a4 15. Bf4 a3 16. bxa3 bxa3 17. Nbd2 Nb5 18. Nb3 Qe7 19. c4 Nbd4 20. Nbxd4 Nxd4 21. Nxd4 cxd4 22. cxd5 exd5 23. Bxd5 Ra5 24. Qb3 Bf5 25. Rac1 Rd8 26. Bc4 Qa7 27. e6 fxe6 28. Bxe6+ Bxe6 29. Rxe6 Kh8 30. Rce1 Rf5 31. Re8+ Rf8 32. Rxd8 Rxd8 33. Qe6 Qa8 34. Re4 Qb7 35. Be5 Rg8 36. Rxd4 Qb1+ 37. Kg2 Qb7+ 38. Kg3 h6 39. Bxg7+ Rxg7 40. gxh6 Re7 41. Qf6+ Kh7 42. Rf4 Qc7 43. h5 gxh5 44. Kh4 Qc5 45. Rf5 Qb4+ 46. Kxh5 Rd7 47. Qg6+ Kh8 48. Qe8+ 1-0


[Site "https://www.chess.com"]

[Event "Titled Tuesday Blitz April 18 Late 2023"]
[White "Seder, Mohammed"]
[Black "Hirneise, Jens"]
[WhiteFideId "11505567"]
[BlackFideId "24614734"]
[WhiteElo "1862"]
[BlackElo "2345"]
[Result "0-1"]
[Round "07"]
[TimeControl "180+2"]
[Date "2023.04.18"]
[WhiteClock "0:02:29"]
[BlackClock "0:02:35"]

1. e4 c6 2. Nf3 d5 3. Nc3 Bg4 4. h3 Bxf3 5. Qxf3 e6 6. Be2 Nf6 7. d3 Be7 8. Qg3 O-O 9. Bh6 Ne8 10. f4 Bh4 0-1


[Site "https://www.chess.com"]

[Event "Titled Tuesday Blitz April 18 Late 2023"]
[White "Marchesich, Giovanni"]
[Black "Osmak, Yuliia"]
[WhiteFideId "2824790"]
[BlackFideId "14101602"]
[WhiteElo "2209"]
[BlackElo "2291"]
[Result "0-1"]
[Round "07"]
[TimeControl "180+2"]
[Date "2023.04.18"]
[WhiteClock "0:00:02"]
[BlackClock "0:00:47"]

1. d4 Nf6 2. Nf3 e6 3. e3 d5 4. Bd3 c5 5. b3 Nc6 6. Bb2 Bd6 7. O-O O-O 8. Ne5 Qc7 9. f4 cxd4 10. exd4 Nb4 11. Nc3 Nxd3 12. Qxd3 a6 13. Kh1 b5 14. Nd1 Bb7 15. Ne3 Ne4 16. f5 Qe7 17. Rf3 Qh4 18. Raf1 f6 19. g3 Nxg3+ 20. Rxg3 fxe5 21. Rfg1 e4 22. Rxg7+ Kh8 23. Qe2 Bc8 24. Qg2 Bb7 25. Rxb7 Rg8 26. Rg7 Rgf8 27. Rg4 Qh6 28. fxe6 Qxe3 29. Bc1 Qf3 30. Qxf3 exf3 31. Bh6 Rg8 32. Bg7+ Rxg7 33. Rxg7 f2 34. Rf1 Kxg7 35. Rxf2 Re8 36. Rf7+ Kg6 0-1


[Site "https://www.chess.com"]

[Event "Titled Tuesday Blitz April 18 Late 2023"]
[White "Smith, Garrett L"]
[Black "Bilan, Danila"]
[WhiteFideId "2024829"]
[BlackFideId "24161918"]
[WhiteElo "2297"]
[BlackElo "2182"]
[Result "0-1"]
[Round "07"]
[TimeControl "180+2"]
[Date "2023.04.18"]
[WhiteClock "0:00:04"]
[BlackClock "0:00:07"]

1. e4 c6 2. d4 d5 3. e5 c5 4. Nf3 Nc6 5. c4 e6 6. cxd5 exd5 7. Bb5 a6 8. Bxc6+ bxc6 9. O-O Nh6 10. Qa4 Bd7 11. e6 fxe6 12. Bxh6 gxh6 13. Ne5 cxd4 14. Qd1 Qg5 15. f4 Qf5 16. Nd2 c5 17. g4 Qf6 18. Qb3 Bb5 19. a4 c4 20. Qd1 Bd7 21. Ndf3 d3 22. g5 Bc5+ 23. Kh1 Qxf4 24. b3 Qe4 25. bxc4 dxc4 26. Re1 Qd5 27. Kg2 Rg8 28. Kg3 hxg5 29. Qd2 Bd6 30. Kf2 Rf8 31. Kg1 g4 32. Qh6 gxf3 33. Qh5+ Kd8 0-1


[Site "https://www.chess.com"]

[Event "Titled Tuesday Blitz April 18 Late 2023"]
[White "Wang, Alexander J"]
[Black "Santos Flores, Alberto"]
[WhiteFideId "30955270"]
[BlackFideId "3601234"]
[WhiteElo "2296"]
[BlackElo "2235"]
[Result "1-0"]
[Round "07"]
[TimeControl "180+2"]
[Date "2023.04.18"]
[WhiteClock "0:00:13"]
[BlackClock "0:00:58"]

1. e4 c5 2. Nf3 Nc6 3. d4 cxd4 4. Nxd4 g6 5. Nc3 Bg7 6. Be3 Nf6 7. Bc4 O-O 8. Bb3 d6 9. f3 Bd7 10. Qd2 Rc8 11. O-O-O Ne5 12. h4 h5 13. Kb1 a5 14. a4 Re8 15. g4 hxg4 16. h5 Nxh5 17. Bh6 e6 18. Bxg7 Kxg7 19. fxg4 Nxg4 20. Rdg1 Ngf6 21. Qg5 Rxc3 22. bxc3 Rh8 23. Nf5+ exf5 24. exf5 Ne4 25. Qxd8 Rxd8 26. Rxh5 Nxc3+ 27. Kb2 Nxa4+ 28. Bxa4 Bxa4 29. fxg6 fxg6 30. Rxa5 Bc6 31. Rag5 Be4 32. R1g4 d5 33. Rg1 Rc8 34. c3 b5 35. Kb3 Rc4 36. R5g3 d4 37. cxd4 Rxd4 38. Rc1 Bf5 39. Rc5 b4 40. Rxf5 Kh6 41. Rb5 Re4 42. Rxb4 Rxb4+ 43. Kxb4 Kh5 44. Kc4 g5 45. Kd3 Kh4 46. Rg1 g4 47. Ke2 Kh3 48. Kf2 1-0


[Site "https://www.chess.com"]

[Event "Titled Tuesday Blitz April 18 Late 2023"]
[White "Nemsko"]
[Black "Shubenkova, Veronika"]
[BlackFideId "44124040"]
[WhiteElo "2293"]
[BlackElo "2027"]
[Result "0-1"]
[Round "07"]
[TimeControl "180+2"]
[Date "2023.04.18"]
[WhiteClock "0:00:01"]
[BlackClock "0:01:21"]

1. d4 d5 2. Nc3 e6 3. Bf4 c6 4. Nf3 Nf6 5. e3 Bd6 6. Qd2 Na6 7. O-O-O Nc7 8. Bd3 b5 9. Kb1 a5 10. Ne5 Bb7 11. h4 a4 12. f3 Qe7 13. Ne2 b4 14. Nc1 c5 15. dxc5 Bxe5 16. Bxe5 Qxc5 17. Bd4 Qe7 18. f4 O-O 19. g4 Ne4 20. Bxe4 dxe4 21. h5 Nd5 22. g5 Ba6 23. Qg2 b3 24. g6 bxc2+ 25. Kxc2 Nb4+ 26. Kb1 fxg6 27. hxg6 h6 28. Qxe4 Bb7 29. Qe5 Bxh1 30. Rxh1 Nc6 31. Qc5 Qe8 32. Bc3 Qxg6+ 33. Ka1 Rac8 34. Ne2 Rf7 35. Rg1 Qd3 36. Nc1 Qe4 37. Qb6 a3 38. Rd1 axb2+ 39. Bxb2 Rb8 40. Qc5 Nb4 41. Rd2 Qb7 42. Nb3 Rc8 43. Qe5 Qh1+ 44. Nc1 Rxc1+ 0-1


[Site "https://www.chess.com"]

[Event "Titled Tuesday Blitz April 18 Late 2023"]
[White "QuiesPrecatio"]
[Black "Sarkar, Justin"]
[BlackFideId "2010011"]
[WhiteElo "2443"]
[BlackElo "2189"]
[Result "0-1"]
[Round "07"]
[TimeControl "180+2"]
[Date "2023.04.18"]
[WhiteClock "0:00:41"]
[BlackClock "0:00:03"]

1. d4 Nf6 2. c4 e6 3. Nf3 d5 4. Nc3 Nbd7 5. cxd5 exd5 6. Bg5 h6 7. Bh4 c6 8. e3 Bd6 9. Bd3 O-O 10. Qc2 Re8 11. O-O Nf8 12. Rab1 Bg4 13. Nd2 Bh5 14. b4 Bg6 15. b5 Bxd3 16. Qxd3 Ng6 17. Bg3 Bxg3 18. hxg3 Qd6 19. bxc6 bxc6 20. Na4 h5 21. Rfc1 h4 22. gxh4 Ng4 23. Nf3 Nxh4 24. Qd1 Nxf3+ 25. Qxf3 Qh2+ 26. Kf1 Nf6 27. Qh3 Qxh3 28. gxh3 Ne4 29. Ke2 Rab8 30. Rxb8 Rxb8 31. Rxc6 Rb4 32. Ra6 Rxa4 33. Rxa4 Nc3+ 34. Kd3 Nxa4 35. Kc2 Nb6 36. Kb3 a5 37. f3 f5 0-1


[Site "https://www.chess.com"]

[Event "Titled Tuesday Blitz April 18 Late 2023"]
[White "Antonio, Jorge Carlos"]
[Black "WindWhistler11"]
[WhiteFideId "113190"]
[WhiteElo "2247"]
[BlackElo "2422"]
[Result "0-1"]
[Round "07"]
[TimeControl "180+2"]
[Date "2023.04.18"]
[WhiteClock "0:01:34"]
[BlackClock "0:00:55"]

1. d4 f5 2. g3 Nf6 3. Bg2 g6 4. Nf3 Bg7 5. h4 O-O 6. c4 d6 7. Nc3 Nc6 8. Bg5 h6 9. Bxf6 Bxf6 10. e3 e5 11. dxe5 Nxe5 12. Nxe5 Bxe5 13. Qc2 c6 14. Rd1 Qf6 15. O-O Be6 16. Ne2 Rad8 17. b3 Qg7 18. Nd4 Bf7 19. Nf3 Bf6 20. Rd2 Rd7 21. Rfd1 Rfd8 22. Rd3 g5 23. hxg5 hxg5 24. Qd2 Bh5 25. Rxd6 Rxd6 26. Qxd6 Rxd6 27. Rxd6 Qe7 28. Rd3 Bg6 29. Rd1 Bh5 30. Rd3 Qa3 31. Rd7 Qc1+ 32. Kh2 Qc2 33. Kg1 f4 34. gxf4 gxf4 35. e4 Qxe4 36. Rxb7 Bxf3 0-1


[Site "https://www.chess.com"]

[Event "Titled Tuesday Blitz April 18 Late 2023"]
[White "Estrada Nieto, Julian"]
[Black "Tyagi, Kushan"]
[WhiteFideId "5101018"]
[BlackFideId "2040069"]
[WhiteElo "2161"]
[BlackElo "2274"]
[Result "1-0"]
[Round "07"]
[TimeControl "180+2"]
[Date "2023.04.18"]
[WhiteClock "0:00:55"]
[BlackClock "0:00:15"]

1. e4 c5 2. Nf3 e6 3. c3 Nf6 4. e5 Nd5 5. Bc4 Nb6 6. Bb3 d6 7. d4 dxe5 8. Nxe5 N8d7 9. Nf3 cxd4 10. cxd4 Nf6 11. Nc3 Be7 12. O-O O-O 13. Ne5 Bd7 14. Qf3 Qc7 15. Bf4 Bd6 16. Rac1 Bc6 17. Qh3 Bxe5 18. dxe5 Nfd7 19. Qg3 Rfc8 20. Ne4 Bxe4 21. Rxc7 Rxc7 22. h4 Nc5 23. h5 Nxb3 24. axb3 Nd5 25. Bh6 g6 26. Qh4 Bf5 27. Rd1 Rd7 28. Rxd5 Rxd5 29. Qf6 Rd1+ 30. Kh2 Rh1+ 31. Kxh1 gxh5 32. Qg7# 1-0


[Site "https://www.chess.com"]

[Event "Titled Tuesday Blitz April 18 Late 2023"]
[White "Vaglio Munoz, Jaime"]
[Black "Estremera Panos, Sergio"]
[WhiteFideId "6500145"]
[BlackFideId "2200864"]
[WhiteElo "2199"]
[BlackElo "2253"]
[Result "1-0"]
[Round "07"]
[TimeControl "180+2"]
[Date "2023.04.18"]
[WhiteClock "0:01:57"]
[BlackClock "0:01:31"]

1. Nf3 c5 2. b3 Nc6 3. c4 d6 4. Bb2 e5 5. d3 g6 6. e4 Bg7 7. Be2 Nge7 8. Nc3 O-O 9. Nd5 f5 10. h3 f4 11. a3 h6 12. Bc3 a5 13. Qd2 Be6 14. O-O g5 15. b4 axb4 16. axb4 Ng6 17. bxc5 dxc5 18. Nh2 Nd4 19. Bxd4 cxd4 20. Rab1 Bxd5 21. cxd5 b6 22. Qb4 Ra2 23. Bh5 Nh4 24. Qxb6 Qc8 25. Qe6+ Qxe6 26. dxe6 Rd2 27. e7 1-0


[Site "https://www.chess.com"]

[Event "Titled Tuesday Blitz April 18 Late 2023"]
[White "Pein, Jonathan"]
[Black "Osmonbekov, Talaibek"]
[WhiteFideId "417092"]
[BlackFideId "2017253"]
[WhiteElo "2151"]
[BlackElo "2135"]
[Result "1-0"]
[Round "07"]
[TimeControl "180+2"]
[Date "2023.04.18"]
[WhiteClock "0:01:26"]
[BlackClock "0:00:01"]

1. Nf3 f5 2. e4 fxe4 3. Ng5 Nf6 4. d3 Nc6 5. dxe4 e6 6. Bd3 Bc5 7. O-O O-O 8. Kh1 d5 9. exd5 exd5 10. Nc3 h6 11. Nf3 Bg4 12. h3 Bh5 13. Be2 d4 14. Na4 Bd6 15. b3 Ne4 16. Bb2 b5 17. Nxd4 Bxe2 18. Qxe2 Nxd4 19. Qxe4 c5 20. Nc3 Qg5 21. Qd5+ Kh8 22. Qxg5 hxg5 23. Ne4 1-0


[Site "https://www.chess.com"]

[Event "Titled Tuesday Blitz April 18 Late 2023"]
[White "Broca Jimenez, Fernando"]
[Black "Marcziter, Dmitrii"]
[WhiteFideId "5104742"]
[BlackFideId "13900765"]
[WhiteElo "2062"]
[BlackElo "2162"]
[Result "0-1"]
[Round "07"]
[TimeControl "180+2"]
[Date "2023.04.18"]
[WhiteClock "0:01:43"]
[BlackClock "0:01:11"]

1. e4 c5 2. Nf3 a6 3. d4 cxd4 4. Nxd4 e6 5. Be3 f6 6. Bd3 Ne7 7. O-O Nbc6 8. c4 Ng6 9. Nc3 Be7 10. f3 O-O 11. Qd2 Nge5 12. b3 Nxd3 13. Qxd3 Ne5 14. Qd2 d6 15. Rfd1 Bd7 16. Rac1 Qc7 17. Nde2 Rac8 18. Na4 Bxa4 19. bxa4 Nxc4 20. Qd4 b5 21. axb5 axb5 22. Rc3 d5 23. Qd3 dxe4 24. Qxe4 Qc6 25. Qxc6 Rxc6 26. Rb1 b4 27. Rcc1 Rfc8 28. Nd4 Ra6 29. Bf2 Kf7 30. Nc2 Nd2 31. Rb2 Rac6 32. Be1 Nc4 33. Rbb1 Na3 0-1


[Site "https://www.chess.com"]

[Event "Titled Tuesday Blitz April 18 Late 2023"]
[White "Qiao, Cindy"]
[Black "Dubreuil, Julien"]
[WhiteFideId "2620243"]
[BlackFideId "621285"]
[WhiteElo "1777"]
[BlackElo "2201"]
[Result "1-0"]
[Round "07"]
[TimeControl "180+2"]
[Date "2023.04.18"]
[WhiteClock "0:00:17"]
[BlackClock "0:00:02"]

1. d4 d5 2. Bf4 c5 3. e3 Nc6 4. c3 Nf6 5. Nf3 Nh5 6. Bg5 h6 7. Bh4 g5 8. Bg3 Qb6 9. Qc2 Bf5 10. dxc5 Bxc2 11. cxb6 axb6 12. Na3 Rxa3 13. bxa3 Nxg3 14. hxg3 Ba4 15. Rb1 Bg7 16. Nd4 Kd7 17. Rxb6 Kc7 18. Rb1 Ra8 19. Bd3 e5 20. Nf5 Bf8 21. Nxh6 e4 22. Be2 Ne5 23. Ng4 Bc2 24. Rb5 Nd3+ 25. Kd2 Rxa3 26. Ra1 Bg7 27. Kxc2 Rxc3+ 28. Kd2 Ra3 29. Bxd3 Rxd3+ 30. Ke2 Bxa1 31. f3 f5 32. Nf2 Ra3 33. Rxd5 Rxa2+ 34. Rd2 Rxd2+ 35. Kxd2 exf3 36. gxf3 Kd6 37. e4 Ke5 38. Kd3 fxe4+ 39. Nxe4 b5 40. Nxg5 Kf5 41. Ne4 1-0


[Site "https://www.chess.com"]

[Event "Titled Tuesday Blitz April 18 Late 2023"]
[White "Vargas Rodriguez, Wilver"]
[Black "Mikheev, Stanislav"]
[WhiteFideId "3509672"]
[BlackFideId "4135920"]
[WhiteElo "2224"]
[BlackElo "2230"]
[Result "1-0"]
[Round "07"]
[TimeControl "180+2"]
[Date "2023.04.18"]
[WhiteClock "0:01:23"]
[BlackClock "0:01:59"]

1. e4 e5 2. Nf3 Nc6 3. d4 exd4 4. Nxd4 Nf6 5. Nxc6 bxc6 6. e5 Ne4 7. Bd3 Nc5 8. O-O Be7 9. c4 Nxd3 10. Qxd3 O-O 11. Be3 d5 12. exd6 cxd6 13. Nc3 Ba6 14. b4 d5 15. b5 dxc4 16. Qxd8 Rfxd8 17. bxa6 Bf6 18. Rac1 Rd3 19. Ne4 c3 20. Nxf6+ gxf6 21. Rc2 Rad8 22. g3 R8d7 23. Rfc1 1-0


[Site "https://www.chess.com"]

[Event "Titled Tuesday Blitz April 18 Late 2023"]
[White "Szente Varga, Fruzsina"]
[Black "Marin Masis, Jose Esteban"]
[WhiteFideId "712264"]
[BlackFideId "6508146"]
[WhiteElo "1994"]
[BlackElo "1838"]
[Result "1-0"]
[Round "07"]
[TimeControl "180+2"]
[Date "2023.04.18"]
[WhiteClock "0:01:18"]
[BlackClock "0:00:03"]

1. e4 c5 2. Nf3 Nc6 3. Bb5 d6 4. d4 cxd4 5. Qxd4 Bd7 6. Qd3 Nf6 7. c4 g6 8. Nc3 Bg7 9. O-O O-O 10. h3 Rc8 11. Be3 Nb4 12. Qe2 a6 13. Bxd7 Qxd7 14. Rfd1 Qc7 15. b3 Nd7 16. a3 Bxc3 17. Rac1 Bg7 18. axb4 Nf6 19. Bd4 Rfe8 20. e5 dxe5 21. Nxe5 Nh5 22. Qe3 Rcd8 23. Bc3 Rxd1+ 24. Rxd1 Rd8 25. Rxd8+ Qxd8 26. Qf3 e6 27. Qxf7+ Kh8 28. g4 Qd1+ 29. Kh2 Qd8 30. gxh5 1-0


[Site "https://www.chess.com"]

[Event "Titled Tuesday Blitz April 18 Late 2023"]
[White "micke12a"]
[Black "Chemin, Justo Reinaldo"]
[BlackFideId "2101580"]
[WhiteElo "2362"]
[BlackElo "1940"]
[Result "1-0"]
[Round "07"]
[TimeControl "180+2"]
[Date "2023.04.18"]
[WhiteClock "0:00:17"]
[BlackClock "0:00:01"]

1. e4 d5 2. exd5 Qxd5 3. Nc3 Qa5 4. Nf3 c6 5. Bc4 Nf6 6. h3 Bf5 7. O-O e6 8. d3 Be7 9. Bd2 Qc7 10. Re1 Nbd7 11. Ne2 O-O 12. Nh4 Bg6 13. Nxg6 hxg6 14. Bf4 Bd6 15. Qd2 Bxf4 16. Nxf4 Nd5 17. Nxd5 cxd5 18. Bb3 Nc5 19. Rac1 Rac8 20. Qe3 b6 21. c3 Nxb3 22. axb3 Qd6 23. b4 Rc7 24. d4 Rfc8 25. Qe5 Qxe5 26. Rxe5 Rc4 27. Rce1 a5 28. bxa5 bxa5 29. Ra1 a4 30. Re2 Rb8 31. Ra2 Kf8 32. Re1 Ke7 33. Rea1 Rb3 34. Kf1 f6 35. Ke2 e5 36. dxe5 fxe5 37. Kd2 Ke6 38. Kc2 Rb7 39. Rxa4 Rf7 40. f3 Rxa4 41. Rxa4 e4 42. fxe4 Rf2+ 43. Kd3 Rxb2 44. Ra6+ Ke5 45. Ra5 Rxg2 46. Rxd5+ Ke6 47. h4 Rg4 48. Rg5 Rxh4 49. Rxg6+ Ke5 50. Rg5+ Kf6 51. Rf5+ Ke6 52. Kd4 g6 53. Re5+ Kf6 54. Ra5 g5 55. Kd5 g4 56. e5+ Kf5 57. Ra8 g3 58. Rf8+ Kg4 59. e6 g2 60. e7 Rh5+ 61. Kd6 Rh6+ 62. Ke5 Rh5+ 63. Ke4 1-0


[Site "https://www.chess.com"]

[Event "Titled Tuesday Blitz April 18 Late 2023"]
[White "ritanovikova"]
[Black "Todorovic, Bojan"]
[BlackFideId "917087"]
[WhiteElo "2135"]
[BlackElo "2266"]
[Result "0-1"]
[Round "07"]
[TimeControl "180+2"]
[Date "2023.04.18"]
[WhiteClock "0:00:03"]
[BlackClock "0:00:01"]

1. e4 g6 2. d4 Bg7 3. Nc3 d6 4. Nf3 a6 5. a4 Nc6 6. h3 Nf6 7. Be3 O-O 8. Bd3 Nb4 9. Bc4 e6 10. Bb3 d5 11. e5 Ne4 12. Nxe4 dxe4 13. Nd2 Nd5 14. Nxe4 Nxe3 15. fxe3 Qh4+ 16. Nf2 b6 17. Qf3 Rb8 18. Qg4 Qe7 19. O-O Bb7 20. c3 c5 21. Bc2 b5 22. axb5 axb5 23. Ra7 Ra8 24. Rfa1 Rxa7 25. Rxa7 Ra8 26. Rxa8+ Bxa8 27. Be4 Qa7 28. Bxa8 Qxa8 29. Qe2 b4 30. Nd3 bxc3 31. bxc3 cxd4 32. exd4 Qa1+ 33. Qe1 Qa6 34. Nc5 Qc4 35. Kf2 Bf8 36. Ne4 Be7 37. Nf6+ Bxf6 38. exf6 Qd3 39. Qe5 h5 40. Qb8+ Kh7 41. Qg3 Qd2+ 42. Kg1 g5 43. Kh2 Kg6 44. Qe5 Qxc3 45. h4 Qd2 46. Qe4+ Kxf6 47. Qe5+ Kg6 48. Qe4+ Kh6 49. hxg5+ Qxg5 50. Qf3 Kg6 51. Qe4+ Qf5 52. Qa8 Qf4+ 53. g3 Qxd4 54. Qg8+ Qg7 55. Qd8 f5 56. Qc8 Qf7 57. Qc1 e5 58. Qe3 Qf6 59. Qf3 f4 60. Qe4+ Kg5 61. Qf3 Qf5 62. Qa3 Qc2+ 63. Kh3 Qf5+ 64. Kg2 fxg3 65. Kxg3 Qf4+ 66. Kg2 Qe4+ 67. Kg1 Kg4 0-1


[Site "https://www.chess.com"]

[Event "Titled Tuesday Blitz April 18 Late 2023"]
[White "Ozalp, Burak"]
[Black "Allam, Yara"]
[WhiteFideId "6314210"]
[BlackFideId "10615709"]
[WhiteElo "2106"]
[BlackElo "1758"]
[Result "0-1"]
[Round "07"]
[TimeControl "180+2"]
[Date "2023.04.18"]
[WhiteClock "0:00:02"]
[BlackClock "0:00:19"]

1. Nf3 d5 2. c4 c6 3. e3 Nf6 4. b3 e6 5. Bb2 Bd6 6. Bd3 Nbd7 7. Bc2 e5 8. d4 e4 9. Nfd2 Qe7 10. Nc3 O-O 11. Qe2 b6 12. O-O-O Bb7 13. g4 Ba3 14. h4 Bxb2+ 15. Kxb2 a5 16. g5 Ne8 17. a3 Nd6 18. h5 Ba6 19. g6 h6 20. gxf7+ Rxf7 21. Qg4 Nf6 22. Qg6 dxc4 23. Ndxe4 cxb3 24. Nxf6+ Qxf6 25. Qh7+ Kf8 26. Qh8+ Ke7 27. Qxa8 Nc4+ 28. Kxb3 Bb5 29. Qb7+ Kf8 30. Qc8+ Ke7 31. d5 a4+ 32. Kb4 c5+ 33. Kxb5 Nd6+ 34. Kxa4 Nxc8 35. d6+ Kd8 36. Nd5 Ra7+ 37. Kb3 Qxf2 38. Rhf1 c4+ 39. Kxc4 Qxc2+ 40. Nc3 Ra4+ 41. Kd5 Qxc3 42. Rf8+ Kd7 43. Rf7+ Ne7+ 44. Rxe7+ Kd8 45. Rf1 Qc5+ 46. Ke6 Re4+ 47. Kf7 Qd5+ 0-1


[Site "https://www.chess.com"]